 Dungeon Crawl Stone Soup version 0.20-a0-869-gcf33cab (webtiles) character file.

20424 RKaid the Harbinger of Death (level 12, -9/118 HPs)
             Began as a Troll Monk on Mar 12, 2017.
             Was a High Priest of Yredelemnul.
             Killed from afar by an ice dragon (31 damage)
             ... with a blast of cold
             ... on level 3 of the Lair of Beasts on Mar 13, 2017.
             The game lasted 00:43:04 (14325 turns).

RKaid the Harbinger of Death (Troll Monk)          Turns: 14325, Time: 00:43:05

Health: -9/118     AC: 14    Str: 26    XL:     12   Next: 45%
Magic:  21/21      EV: 13    Int:  6    God:    Yredelemnul [*****.]
Gold:   878        SH:  0    Dex: 12    Spells: 11/11 levels left

rFire    . . .     SeeInvis .     - Unarmed
rCold    . . .     Gourm    +   a - +1 robe
rNeg     . . .     Faith    .   (no shield)
rPois    .         Spirit   .   B - +1 hat
rElec    .         Reflect  .   A - +2 cloak {+Inv}
rCorr    .         Harm     .   (gloves unavailable)
MR       .....                  (boots unavailable)
Stlth    ++........             Q - amulet of magic regeneration {+MPregen}
Regen    0.7/turn               R - +3 ring of evasion
MPRegen  0.3/turn               w - +4 ring of protection

@: no status effects
A: unfitting armour, claws 3, fast metabolism 3, gourmand, regeneration 1,
shaggy fur 1, tough skin 2
a: Recall Undead Slaves, Injury Mirror, Animate Dead, Drain Life, Enslave Soul,
Renounce Religion, Evoke Invisibility


You were on level 3 of the Lair of Beasts.
You worshipped Yredelemnul.
Yredelemnul was extremely pleased with you.
You were very full.

You visited 3 branches of the dungeon, and saw 14 of its levels.
You also visited: Labyrinth.

You collected 878 gold pieces.

Inventory:

Hand Weapons
 r - the +12 glaive of Prune {chop}
   (You found it on level 4 of the Dungeon)

   It inflicts extra damage upon your enemies.
 P - the +7 hunting sling "Butwo" {flame, +Inv}
   (You found it in a labyrinth)

   It causes projectiles fired from it to burn those they strike, causing extra
   injury to most foes and up to half again as much damage against particularly
   susceptible opponents.
   It lets you turn invisible.
Missiles
 h - 2 throwing nets {=f}
Armour
 a - a +1 robe (worn)
 A - a +2 cloak of invisibility (worn)
   (You took it off Crazy Yiuf on level 7 of the Dungeon)
 B - a +1 hat (worn)
   (You took it off Gastronok on level 1 of the Lair of Beasts)
 L - a +0 troll leather armour {regen}
   (You found it on level 10 of the Dungeon)
Magical Staves
 F - an uncursed staff of wizardry {wiz+, !a}
   (You found it on level 8 of the Dungeon)
Jewellery
 j - an uncursed ring of protection from fire {rF+}
   (You found it on level 1 of the Dungeon)
 o - an uncursed ring of resist corrosion
   (You found it on level 3 of the Dungeon)
 p - an uncursed ring of protection from magic {MR+}
   (You found it on level 3 of the Dungeon)
 w - a +4 ring of protection (left claw)
   (You took it off a kobold on level 9 of the Dungeon)
 x - an uncursed ring of wizardry {Wiz+}
   (You took it off an orc warrior on level 7 of the Dungeon)
 y - an uncursed ring of protection from magic {MR+}
   (You found it on level 7 of the Dungeon)
 Q - an amulet of magic regeneration (around neck) {+MPregen}
   (You found it in a labyrinth)
 R - a +3 ring of evasion (right claw)
   (You found it in a labyrinth)
Wands
 d - a wand of polymorph (11/24)
   (You found it on level 5 of the Dungeon)
 s - a wand of disintegration (8/24)
   (You found it on level 4 of the Dungeon)
 E - a wand of acid (6/15)
   (You found it on level 9 of the Dungeon)
 H - a wand of lightning (12/15)
   (You found it on level 1 of the Lair of Beasts)
 N - a wand of acid (6/15)
   (You took it off an orc on level 10 of the Dungeon)
 S - a wand of iceblast (5/15)
   (You found it in a labyrinth)
Scrolls
 f - 4 scrolls of teleportation
 i - a scroll of fog
 t - 2 scrolls of random uselessness {unknown}
 u - 4 scrolls of magic mapping {!r}
 C - a scroll of blinking {!r}
 D - a scroll of recharging
 G - a scroll of fear
 M - 2 scrolls of remove curse
Potions
 c - 4 potions of curing
 e - 3 potions of haste
 g - 2 potions of agility
 k - 2 potions of magic
 l - 5 potions of heal wounds
 m - 2 potions of cancellation
 n - 3 potions of lignification {!q}
 q - a potion of brilliance
 z - a potion of flight
 I - a potion of mutation {unknown}
Miscellaneous
 O - a box of beasts
Comestibles
 b - 9 bread rations
 v - 3 meat rations


   Skills:
 - Level 7.4 Fighting
 - Level 2.4 Dodging
 - Level 1.0 Stealth
 - Level 12.2 Unarmed Combat
 + Level 13.3 Invocations


You had 11 spell levels left.
You didn't know any spells.

Dungeon Overview and Level Annotations

Branches:
Dungeon (10/15)            Temple (1/1) D:5            Lair (3/6) D:10
  Swamp (0/4) Lair:3       Spider (0/4) Lair:2
    Orc: D:9-12

Altars:
Ashenzari
Cheibriados
Dithmenos
Elyvilon
Fedhas
Gozag
Hepliaklqana
Kikubaaqudgha
Makhleb
Nemelex Xobeh
Okawaru
Qazlal
Ru
Sif Muna
Trog
Uskayaw
Vehumet
Wu Jian
Xom
Yredelemnul
Zin
The Shining One

Shops:
D:5 [

Portals:
Trove: D:10 (give 11 potions of heal wounds)

Annotations:
Lair:2 exclusion: 3 oklob plants


Innate Abilities, Weirdness & Mutations

You are too large for most types of armour.
You have claws for hands.
Your metabolism is lightning-fast.
You like to eat raw meat.
Your natural rate of healing is unusually fast.
You are covered in fur. (AC +1)
You have very tough skin. (AC +2)


Message History

Your wolf zombie stumbles backwards!
Your wolf zombie is destroyed!
The ice beast hits your wolf zombie. The ice beast freezes your wolf zombie.
Your wolf zombie resists.
You barely miss the ice dragon. Your claw misses the ice dragon.
Your wolf zombie bites the ice beast!
The ice beast closely misses you. The ice dragon bites you!
The ice dragon claws you! The ice dragon closely misses you.
You barely miss the ice dragon.
Your wolf zombie closely misses the ice beast.
The ice beast barely misses your wolf zombie.
The ice beast hits you but does no damage.
You scratch the ice dragon but do no damage.
Your wolf zombie bites the ice beast.
The ice dragon breathes frost at you. The blast of cold misses you.
The ice beast hits your wolf zombie. The ice beast freezes your wolf zombie.
Your wolf zombie resists.
Your wolf zombie bites the ice beast.
You mangle the ice dragon!!
The ice dragon bites you but does no damage.
The ice dragon claws you but does no damage.
The ice dragon tramples you.
You hold your ground!
Your wolf zombie bites the ice beast but does no damage.
The ice beast hits your wolf zombie. The ice beast freezes your wolf zombie.
Your wolf zombie resists.
You scratch the ice dragon. The ice beast misses you.
Your wolf zombie bites the ice beast but does no damage.
The ice dragon bites you. The ice dragon claws you.
The ice dragon completely misses you.
The ice beast hits you but does no damage.
The ice beast hits your wolf zombie. The ice beast freezes your wolf zombie.
Your wolf zombie resists.
You scratch the ice dragon but do no damage.
Your wolf zombie closely misses the ice beast.
The ice beast closely misses you.
You mangle the ice dragon!!
Your wolf zombie bites the ice beast.
The ice beast dies!
Yredelemnul accepts your kill.
The ice dragon bites you but does no damage.
The ice dragon barely misses you.
The ice dragon tramples you but does no damage.
The ice beast barely misses you.
You mangle the ice dragon!!
Your wolf zombie bites the ice dragon.
The ice beast barely misses you.
The ice beast hits you but does no damage.
The ice dragon closely misses you. The ice dragon claws you.
The ice dragon tramples you but does no damage.
You scratch the ice dragon but do no damage.
Your claw misses the ice dragon.
Your wolf zombie bites the ice dragon but does no damage.
The ice beast hits you but does no damage.
The ice beast barely misses you. The ice dragon barely misses you.
The ice dragon claws you but does no damage.
The ice dragon completely misses you.
Your wolf zombie bites the ice dragon but does no damage.
You claw the ice dragon! The ice beast hits you. The ice beast freezes you!
Your wolf zombie barely misses the ice dragon.
The ice beast hits you. The ice beast freezes you!
The ice dragon breathes frost at you. The blast of cold misses you.
You are too injured to fight recklessly!
You are too injured to fight recklessly!
You are too injured to fight recklessly!
You are too injured to fight recklessly!
You are too injured to fight recklessly!
You are too injured to fight recklessly!
You are too injured to fight recklessly!
Your wolf zombie bites the ice dragon but does no damage.
The ice dragon closely misses your wolf zombie.
The ice dragon claws your wolf zombie.
The ice dragon tramples your wolf zombie.
Your wolf zombie holds its ground!
Your wolf zombie closely misses the ice dragon.
Your wolf zombie bites the ice dragon.
The ice dragon bites your wolf zombie.
The ice dragon closely misses your wolf zombie.
The ice dragon tramples your wolf zombie.
Your wolf zombie holds its ground!
Your wolf zombie is destroyed!
The ice dragon roars deafeningly!
You claw the ice beast! The ice beast closely misses you.
You scratch the ice beast. You mangle the ice beast!!
You kill the ice beast!
Yredelemnul accepts your kill. Yredelemnul grants you flying skulls!
The ice dragon bites your flying skull but does no damage.
The ice dragon misses your flying skull.
The ice dragon tramples your flying skull!
Your flying skull holds its ground!
Your flying skull barely misses the ice dragon.
The ice dragon breathes frost at you.
The blast of cold hits your flying skull.
Your flying skull resists.
Your flying skull is destroyed!
The blast of cold hits you!
* * * LOW HITPOINT WARNING * * *
The ice dragon breathes frost at you. The blast of cold hits you!
You die...
Your body rises from the dead as a mindless zombie.

###......................#...#
##
#.......................#.Z.##
#.
....>.##...............###Z.#
##
.....####..#P............#Z##
..#.## #...#...(........#..#
.....#####...#........#...##
.......###..#...........#..#
......###.#...P[Y#....##.....
.......#.###...z@#...###.#...
................D.............
........#.P.#..#.⌠†.≈≈.........
.......######..P..≈≈≈≈...
...... #......# ##...≈≈≈≈.≈≈≈
#......# .....≈.≈.≈≈≈≈ ##....##
##.#..≈≈...≈≈≈ #.#.##
##.....≈.≈≈≈≈ #####
##...≈≈≈≈≈≈≈


You could see an ice dragon, an ice beast and a friendly flying skull.

Vanquished Creatures
  Gastronok (Lair:1)
  A minotaur (Lab)
  4 two-headed ogres
  A gargoyle (Lab)
  Joseph (D:10)
  4 spiny frogs
  A minotaur zombie (Lab)
  A polar bear (Lair:3)
  A minotaur skeleton (Lab)
  4 hippogriffs
  Sigmund (D:6)
  A spriggan (D:7)
  A shadow (Lab)
  A redback (Lab)
  8 yaks
  A wyvern (D:5)
  A basilisk (Lair:3)
  5 hungry ghosts (Lab)
  A soldier ant (D:5)
  A water moccasin (D:10)
  A porcupine (Lair:1)
  3 ice beasts
  A sky beast (D:8)
  5 orc warriors
  2 black bears
  4 phantoms
  8 wolves
  2 ogres (D:9)
  5 crocodiles
  8 centaurs
  2 big kobolds
  An earth elemental (Lab)
  9 bullfrogs
  A gnoll sergeant (D:9)
  A wyvern skeleton (D:7)
  A scorpion (D:4)
  6 killer bees
  8 wights (D:9)
  3 howler monkeys (D:8)
  A spriggan skeleton (Lab)
  A crimson imp (D:5)
  A centaur zombie (D:7)
  A bullfrog zombie (D:10)
  9 hounds
  2 jellies
  A gnoll shaman (D:9)
  Crazy Yiuf (D:7)
  5 orc priests
  7 orc wizards
  A centaur skeleton (D:10)
  Jessica (D:3)
  A bullfrog skeleton (D:9)
  Terence (D:2)
  10 worker ants
  3 iguanas
  A killer bee zombie (D:7)
  A hound zombie (D:8)
  3 worker ant zombies
  13 gnolls
  10 adders
  3 shadow imps
  An ooze (D:3)
  An adder zombie (D:7)
  2 adder skeletons (D:4)
  A worm (D:4)
  A dart slug (D:1)
  5 leopard geckos
  16 orcs
  4 bats
  5 giant cockroaches
  5 goblins
  9 hobgoblins
  13 jackals
  16 kobolds
  A quokka (D:2)
  8 frilled lizards
  A jackal skeleton (D:5)
  2 leopard gecko skeletons
  A leopard gecko zombie (D:6)
  A quokka skeleton (D:5)
  5 rats
286 creatures vanquished.

Vanquished Creatures (collateral kills)
  2 two-headed ogres (D:10)
  3 elephants (Lair:2)
  A gargoyle (D:10)
  A troll (D:10)
  A harpy zombie (D:10)
  11 yaks
  A steam dragon (D:10)
  A water moccasin (Lair:2)
  An ice beast (Lair:3)
  A hornet zombie (D:10)
  A wolf (D:10)
  A big kobold (D:9)
  3 bullfrogs
  5 killer bees (D:10)
  2 electric eels (D:10)
  A bullfrog skeleton (D:9)
  2 hounds (D:10)
  An orc wizard (D:7)
  2 gnolls (D:9)
  2 orcs
  2 hobgoblins (D:9)
  2 kobolds (D:9)
  3 fungi
  2 plants
52 creatures vanquished.

Vanquished Creatures (others)
  4 flying skulls
  2 wraiths (Lair:2)
  A yak zombie (D:10)
  A wight (D:8)
  3 wolf zombies (Lair:3)
  A bullfrog zombie (D:10)
  A big kobold zombie (D:7)
  A hound zombie (D:9)
  A mummy (D:9)
  A howler monkey zombie (D:8)
  4 jackal zombies
  5 orc zombies
  2 plants (D:9)
27 creatures vanquished.

Grand Total: 365 creatures vanquished

Notes
Turn   | Place    | Note
-------+----------+-------------------------------------------
     0 | D:1      | RKaid the Troll Monk began the quest for the Orb.
     0 | D:1      | Reached XP level 1. HP: 22/22 MP: 0/0
   164 | D:1      | Reached XP level 2. HP: 25/29 MP: 1/1
   313 | D:1      | You fall through a shaft!
   427 | D:1      | Reached XP level 3. HP: 36/36 MP: 2/2
   884 | D:2      | Noticed Terence
   896 | D:2      | Killed Terence
   896 | D:2      | Reached skill level 3 in Fighting
   896 | D:2      | Reached skill level 4 in Unarmed Combat
  1072 | D:2      | Reached XP level 4. HP: 43/45 MP: 3/3
  1436 | D:2      | You fall through a shaft!
  1651 | D:3      | Noticed Jessica
  1664 | D:3      | Killed Jessica
  1664 | D:3      | Reached skill level 5 in Unarmed Combat
  1664 | D:3      | Reached XP level 5. HP: 50/53 MP: 4/4
  2138 | D:4      | Found a snail-covered altar of Cheibriados.
  2138 | D:4      | Found a shattered altar of Ashenzari.
  2138 | D:4      | Found a sacrificial altar of Ru.
  2138 | D:4      | Found a sparkling altar of Nemelex Xobeh.
  2138 | D:4      | Found a stormy altar of Qazlal.
  2327 | D:4      | Reached XP level 6. HP: 62/62 MP: 5/5
  2439 | D:4      | Reached skill level 6 in Unarmed Combat
  3251 | D:5      | Entered Level 5 of the Dungeon
  3296 | D:5      | Found Kiurusua's Armour Boutique.
  3330 | D:5      | Reached skill level 4 in Fighting
  3604 | D:5      | Noticed a wyvern
  3611 | D:5      | Killed a wyvern
  3611 | D:5      | Reached XP level 7. HP: 64/70 MP: 6/6
  3695 | D:5      | Reached skill level 7 in Unarmed Combat
  3773 | D:5      | Found a staircase to the Ecumenical Temple.
  3782 | Temple   | Entered the Ecumenical Temple
  3867 | Temple   | Became a worshipper of Yredelemnul the Dark
  3867 | Temple   | Reached * piety under Yredelemnul
  3867 | Temple   | Reached ** piety under Yredelemnul
  4431 | D:6      | Upgraded the game from 0.20-a0-858-g654850e to 0.20-a0-869-gcf33cab
  4435 | D:6      | Reached skill level 8 in Unarmed Combat
  4740 | D:6      | Reached XP level 8. HP: 63/79 MP: 7/7
  4743 | D:6      | Reached skill level 5 in Fighting
  4925 | D:6      | Noticed Sigmund
  4928 | D:6      | Killed Sigmund
  4928 | D:6      | Reached skill level 9 in Unarmed Combat
  5030 | D:6      | Noticed a two-headed ogre
  5035 | D:6      | HP: 14/80 [two-headed ogre/dire flail (15)]
  5074 | D:6      | HP: 17/80 [two-headed ogre/dire flail (12)]
  5230 | D:7      | Found a shimmering altar of Xom.
  5424 | D:7      | Reached skill level 1 in Invocations
  5431 | D:7      | Reached *** piety under Yredelemnul
  5806 | D:7      | Noticed a two-headed ogre
  5817 | D:7      | Reached skill level 10 in Unarmed Combat
  5817 | D:7      | Reached XP level 9. HP: 79/89 MP: 9/9
  5839 | D:7      | Reached skill level 6 in Fighting
  5942 | D:6      | Killed a two-headed ogre
  5942 | D:6      | Reached skill level 2 in Invocations
  6022 | D:6      | Killed a two-headed ogre
  6022 | D:6      | Reached skill level 11 in Unarmed Combat
  6022 | D:6      | Reached skill level 3 in Invocations
  6387 | D:7      | HP: 22/92 [poisoned by a killer bee]
  6392 | D:7      | HP: 14/92 [poisoned by a killer bee]
  6398 | D:7      | HP: 12/92 [poisoned by a killer bee]
  6403 | D:7      | HP: 11/92 [poisoned by a killer bee]
  6408 | D:7      | HP: 13/92 [poisoned by a killer bee]
  6413 | D:7      | HP: 14/92 [poisoned by a killer bee]
  6421 | D:7      | HP: 17/92 [poisoned by a killer bee]
  6687 | D:7      | Received a gift from Yredelemnul (a wight)
  6718 | D:7      | Reached skill level 4 in Invocations
  6718 | D:7      | Reached XP level 10. HP: 94/100 MP: 10/12
  6779 | D:7      | Reached skill level 7 in Fighting
  6815 | D:7      | Found a shattered altar of Ashenzari.
  7056 | D:7      | Found a runed door.
  7060 | D:7      | Noticed Crazy Yiuf
  7066 | D:7      | Killed Crazy Yiuf
  7465 | D:8      | Reached skill level 12 in Unarmed Combat
  8075 | D:9      | Reached skill level 5 in Invocations
  8087 | D:9      | Noticed a two-headed ogre
  8099 | D:9      | HP: 13/102 [two-headed ogre/giant spiked club (19)]
  8258 | D:8      | Killed a two-headed ogre
  8258 | D:8      | Reached skill level 6 in Invocations
  8426 | D:9      | Reached **** piety under Yredelemnul
  8726 | D:9      | Received a gift from Yredelemnul (a mummy)
  8767 | D:9      | Reached skill level 7 in Invocations
  8846 | D:9      | Received a gift from Yredelemnul (a wraith)
  9345 | D:10     | Entered Level 10 of the Dungeon
  9345 | D:10     | Noticed Joseph
  9629 | D:10     | Noticed a two-headed ogre
  9636 | D:10     | Killed a two-headed ogre
  9636 | D:10     | Reached skill level 8 in Invocations
  9636 | D:10     | Reached XP level 11. HP: 104/109 MP: 14/16
  9718 | D:10     | Killed Joseph
  9732 | D:10     | Reached skill level 9 in Invocations
  9801 | D:10     | Noticed a two-headed ogre
  9808 | D:10     | Killed a two-headed ogre
  9844 | D:10     | Received a gift from Yredelemnul (3 flying skulls)
 10408 | D:10     | Found a staircase to the Lair.
 10426 | D:10     | Reached skill level 10 in Invocations
 10670 | D:10     | Noticed a two-headed ogre
 10672 | D:10     | Found a portal to a secret trove of treasure.
 10678 | D:10     | Killed a two-headed ogre
 10896 | D:10     | Reached ***** piety under Yredelemnul
 11070 | Lair:1   | Entered Level 1 of the Lair of Beasts
 11214 | Lair:1   | Received a gift from Yredelemnul (a wraith)
 11300 | Lair:1   | Noticed Gastronok
 11333 | Lair:1   | Killed Gastronok
 11333 | Lair:1   | Reached skill level 11 in Invocations
 12289 | Lair:2   | Found a labyrinth entrance.
 12314 | Lair:2   | Reached XP level 12. HP: 118/118 MP: 19/19
 12316 | Lab      | Entered a labyrinth
 12362 | Lab      | Reached skill level 12 in Invocations
 12518 | Lab      | HP: 28/118 [minotaur skeleton (15)]
 12520 | Lab      | HP: 5/118 [minotaur skeleton (19)]
 12748 | Lab      | Found an exit through the horrors of the Abyss.
 12794 | Lab      | Noticed a minotaur
 12806 | Lab      | Killed a minotaur
 12885 | Lab      | Got an ichor-stained hunting sling
 12970 | Lair:2   | Found a hole to the Spider Nest.
 13052 | Lair:2   | HP: 23/118 [yak (12)]
 13057 | Lair:2   | HP: 19/118 [poisoned by a spiny frog]
 13062 | Lair:2   | HP: 20/118 [poisoned by a spiny frog]
 13067 | Lair:2   | HP: 21/118 [poisoned by a spiny frog]
 13075 | Lair:2   | HP: 25/118 [poisoned by a spiny frog]
 13083 | Lair:2   | HP: 28/118 [poisoned by a spiny frog]
 13088 | Lair:2   | HP: 26/118 [crocodile (5)]
 13601 | Lair:2   | Reached skill level 13 in Invocations
 13834 | Lair:2   | Identified the +7 hunting sling "Butwo" {flame, +Inv} (You found it in a labyrinth)
 14237 | Lair:3   | Found a staircase to the Swamp.
 14298 | Lair:3   | Noticed an ice dragon
 14323 | Lair:3   | Received a gift from Yredelemnul (2 flying skulls)
 14324 | Lair:3   | HP: 21/118 [ice dragon/blast of cold (30)]
 14325 | Lair:3   | Killed from afar by an ice dragon

Vault maps used:
D:1:      dpeg_arrival_leaves_temple_mockup
D:2:      uniq_terence
D:3:      first_bread, kennysheep_cluttered_room, minmay_misc_feat_pillars,
          uniq_jessica
D:4:      grunt_temple_overflow_open
D:5:      lemuel_temple_firewalk_a, serial_shops,
          nicolae_shop_temple_entry_statues_fountains
D:6:      kennysheep_another_room, uniq_sigmund
D:7:      basic_altar, the_bakery, xom_teletrap_fun, uniq_crazy_yiuf_cottage
D:9:      kennysheep_housing_project
D:10:     erik_lair_island, enter_trove_1, uniq_joseph
Temple:   minmay_crystal_spiral_temple
Lair:1:   uniq_gastronok
Lair:2:   spider_nest_entry_web_field, lab_entry_generic,
          minmay_lair_oklob_chamber
Lair:3:   swamp_mist, serial_bayou_pond_e, ice2_lemuel, grunt_megastairs_4
Lab:      labyrinth_hidden_loot, nicolae_lab_flowing_pool, nicolae_lab_quarters,
          nicolae_lab_swirl, nicolae_lab_grate_2, nicolae_lab_big_swirl,
          nicolae_lab_blocks, nicolae_lab_arrow, labyrinth_fake_exit,
          nicolae_lab_very_dead_end, labyrinth_skeletal_remains

Skill      XL: |  1  2  3  4  5  6  7  8  9 10 11 12 |
---------------+-------------------------------------+-----
Fighting       | 3 4 5 6 7 |  7.4
Unarmed Combat | 4 5 6 8 10 11 12 | 12.2
Invocations    | 1 4 8 11 13 | 13.3
Dodging        | |  2.4
Stealth        | |  1.0

Action                   |  1- 3 |  4- 6 |  7- 9 | 10-12 || total
-------------------------+-------+-------+-------+-------++-------
Melee: Unarmed           |    73 |   150 |   227 |   494 ||   944
       Punch             |       |       |     5 |    39 ||    44
Invok: Animate Remains   |       |       |     2 |       ||     2
       Animate Dead      |       |       |     3 |    18 ||    21
       Recall Undead Sla |       |       |       |     3 ||     3
  Use: Scroll            |     5 |     9 |     9 |    10 ||    33
       Potion            |       |       |       |     1 ||     1
 Stab: Sleeping          |     3 |     4 |       |     1 ||     8
       Distracted        |       |       |       |     2 ||     2
  Eat: Chunk             |    15 |    21 |    27 |    64 ||   127
       Fruit             |       |       |       |     4 ||     4
       Royal jelly       |       |       |       |     2 ||     2
       Meat ration       |       |       |       |     1 ||     1
       Bread ration      |       |       |       |     4 ||     4
Armor: Robe              |    21 |    52 |    72 |   212 ||   357
Dodge: Dodged            |    28 |    80 |   109 |   282 ||   499

Table legend:
 A = Turns spent in this place as a percentage of turns spent in the entire game.
 B = Non-inter-level travel turns spent in this place as a percentage of non-inter-level travel turns spent in the entire game.
 C = Inter-level travel turns spent in this place as a percentage of turns spent in this place.
 D = Turns resting spent in this place as a percentage of non-inter-level travel turns spent in this place.
 E = Turns spent auto-exploring this place as a percentage of non-inter-level travel turns spent in this place.
 F = Non-inter-level travel turns spent in this place divided by the number of levels of this place that you've seen.
                   A       B       C       D       E      F
               +-------+-------+-------+-------+-------+----------------------
         Total | 100.0 | 100.0 |   0.5 |   2.5 |   7.6 | 284.8
       Dungeon |  72.3 |  72.3 |   0.5 |   2.8 |   8.4 | 308.7
        Temple |   0.5 |   0.5 |   4.5 |   0.0 |  81.0 |  21.0
          Lair |  17.0 |  17.0 |   0.3 |   1.8 |   6.6 | 242.0
     Labyrinth |  10.2 |  10.3 |   0.0 |   2.1 |   0.0 | 438.0
               +-------+-------+-------+-------+-------+----------------------

Table legend:
 A = Kills in this place as a percentage of kills in entire the game.
 B = Kills by you in this place as a percentage of kills by you in the entire game.
 C = Kills by friends in this place as a percentage of kills by friends in the entire game.
 D = Other kills in this place as a percentage of other kills in the entire game.
 E = Experience gained in this place as a percentage of experience gained in the entire game.
 F = Experience gained in this place divided by the number of levels of this place that you have seen.
                   A       B       C       D       E      F
               +-------+-------+-------+-------+-------+----------------------
         Total | 100.0 | 100.0 | 100.0 |  -nan | 100.0 | 1945.2
       Dungeon |  83.8 |  85.7 |  72.3 |  -nan |  57.2 | 1670.1
          Lair |  12.3 |   9.8 |  27.7 |  -nan |  30.3 | 2948.3
     Labyrinth |   3.9 |   4.5 |   0.0 |  -nan |  12.4 | 3632.0
               +-------+-------+-------+-------+-------+----------------------
